 Dungeon Crawl Stone Soup version 0.32-a0-468-g38b2580584 (webtiles) character file.

Game seed: 18175311992832444452

4040 ezpacito the Trooper (level 10, -2/64 (76) HPs)
             Began as a Demonspawn Chaos Knight on Feb 25, 2024.
             Was a Plaything of Xom.
             Succumbed to a killer bee's poison
             ... on level 10 of the Dungeon.
             The game lasted 00:12:20 (8729 turns).

ezpacito the Trooper (Demonspawn Chaos Knight)      Turns: 8729, Time: 00:12:20

HP:   -2/64 (76)    AC: 10    Str: 15      XL:     10   Next: 4%
MP:   16/16         EV: 10    Int: 16      God:    Xom [....*.]
Gold: 379           SH:  4    Dex: 12 (13) Spells: 5/17 levels left

rFire   . . .        a - +0 hand axe (chaos)
rCold   + . .        (no shield)
rNeg    . . .        M - +1 scale mail {rC+}
rPois   .            (no helmet)
rElec   .            u - +1 cloak
rCorr   .            (gloves unavailable)
SInv    +            (no boots)
Will    .....        p - amulet of the acrobat
Stlth   +            j - ring of see invisible
HPRegen 0.30/turn    N - ring of flight
MPRegen 0.15/turn

%: acrobat, clarity
@: lethally poisoned (-2 -> -12), flying, heavily drained
A: large bone plates 1, demonic guardian 1, demonic touch 3, clarity, clever 1,
mutation resistance 2, wild magic 1
a: Renounce Religion


You were on level 10 of the Dungeon.
You worshipped Xom.
You were a beloved toy of Xom.
You visited 2 branches of the dungeon, and saw 11 of its levels.

You collected 619 gold pieces.
You spent 240 gold pieces at shops.

Inventory:

Hand Weapons
 a - a +0 hand axe of chaos (weapon)
 y - the +3 long sword "Towar" {flame, Fly Will+}
   (You took it off a hobgoblin on level 3 of the Dungeon)

   Will+:     It increases your willpower.
   Fly:       It grants you flight.
 G - the +11 war axe "Sarcophage" {drain, rF++ rN+}
   (You found it on level 6 of the Dungeon)

   rF++:      It greatly protects you from fire.
   rN+:       It protects you from negative energy.
 Q - a +0 battleaxe
 X - a +3 broad axe
Missiles
 b - 6 datura-tipped darts
 h - 4 javelins (quivered)
 i - 2 boomerangs
 s - 25 poisoned darts
Armour
 u - a +1 cloak (worn)
 C - an orb of light
 K - a +3 plate armour
 M - a +1 scale mail of cold resistance (worn)
Magical Staves
 f - a staff of conjuration
 n - a staff of earth
 I - the staff of the Onslaught {*Slow rC++ Int+2 Dex+2 Earth}
   (Xom gifted it to you on level 6 of the Dungeon)

   [staff of earth]

   Base accuracy: +5 Base damage: 5 Base attack delay: 1.2 This weapon's minimum
   attack delay (0.6) is reached at skill level 12.
   Int+2:     It affects your intelligence (+2).
   Dex+2:     It affects your dexterity (+2).
   rC++:      It greatly protects you from cold.
   *Slow:     It may slow you when you take damage.
   Earth:     It increases the power of your Earth spells.
   It falls into the 'Staves' category.
   It is a one-handed weapon.
Jewellery
 j - a ring of see invisible (left hand)
 p - an amulet of the acrobat (around neck)
 q - a ring of fire
 J - an amulet of magic regeneration
 N - a ring of flight (right hand)
 U - a ring of fire
Talismans
 t - a flux talisman
 W - a blade talisman
Wands
 r - a wand of polymorph (12)
 B - a wand of quicksilver (16)
 D - a wand of digging (3)
 E - a wand of flame (42)
 S - a wand of paralysis (9)
Scrolls
 e - 2 scrolls of immolation
 k - a scroll of fear
 m - 3 scrolls of enchant weapon
 o - a scroll of acquirement {unknown}
 v - 4 scrolls of enchant armour
 w - a scroll of butterflies
 z - 9 scrolls of teleportation
 F - a scroll of silence {unknown}
 L - a scroll of amnesia {unknown}
 R - 2 scrolls of blinking {unknown}
 V - a scroll of poison {unknown}
Potions
 c - 4 potions of lignification
 d - 2 potions of mutation
 l - 5 potions of attraction
 O - a potion of enlightenment
 T - a potion of might


   Skills:
 * Level 5.6 Fighting
 * Level 5.1(5.5) Axes
 + Level 3.0(4.4) Polearms
 + Level 2.5 Throwing
 * Level 4.7 Armour
 * Level 4.3 Dodging
 + Level 3.3 Stealth
 * Level 4.2 Unarmed Combat
 * Level 4.2 Spellcasting
 + Level 2.9 Conjurations
 + Level 2.1 Hexes
 + Level 2.4 Alchemy
 + Level 2.9 Evocations


You had 5 spell levels left.
You knew the following spells:

 Your Spells              Type           Power      Damage    Failure   Level
a - Eringya's Noxious Bo  Alch           7%         4d6       100%        6
b - Hailstorm             Conj/Ice       10%        3d6       75%         3
c - Tukima's Dance        Hex            13%        N/A       67%         3

Your spell library contained the following spells:

 Spells                   Type           Power      Damage    Failure   Level
 Jinxbite                 Hex            26%        N/A       45%         2
 Apportation              Tloc           8%         N/A       61%         1
 Freeze                   Ice            16%        1d4       61%         1
 Frozen Ramparts          Ice            8%         1d2       91%         3
 Iskenderun's Mystic Bla  Conj/Tloc      10%        2d4       98%         4
 Dimensional Bullseye     Hex/Tloc       4%         N/A       99%         4
 Alistair's Intoxication  Alch           9%         N/A       100%        5
 Summon Forest            Summ/Tloc      2%         N/A       100%        5
 Summon Hydra             Summ           2%         N/A       100%        7


Dungeon Overview and Level Annotations

Branches:
Dungeon (10/15)            Temple (1/1) D:5             Orc (0/2) D:9
   Lair: D:8-11

Altars:
Ashenzari
Cheibriados
Dithmenos
Fedhas
Gozag
Hepliaklqana
Makhleb
Nemelex Xobeh
Okawaru
Qazlal
Sif Muna
Trog
Uskayaw
Vehumet
Wu Jian
Xom
Yredelemnul

Shops:
D:5 ((!   D:9 :


Innate Abilities, Weirdness & Mutations

You are partially covered in large bone plates. (SH +4)
A weak demonic guardian rushes to your aid.
Your touch may irresistibly damage your foes and sap their willpower.
You possess an exceptional clarity of mind.
Your mind is acute. (Int +4, Str/Dex -1)
You are somewhat resistant to both further mutation and mutation removal.
Your spells are a little harder to cast, but a little more powerful.


Message History

You kill the killer bee!
You hit the killer bee. You freeze the killer bee.
Your attack snaps the killer bee out of its fear.
You miss the killer bee.
You feel sick. The killer bee stings you.
* * * LOW HITPOINT WARNING * * *
You are more poisoned.
The killer bee poisons you! The killer bee stings you.
* * * LOW HITPOINT WARNING * * *
Your quasit barely misses the killer bee.
Your quasit misses the killer bee.
Your quasit completely misses the killer bee.
The killer bee barely misses you. The killer bee closely misses you.
Your quasit closely misses the killer bee.
Your quasit completely misses the killer bee.
Your quasit barely misses the killer bee.
It was a potion of cancellation.
Your magical effects are unravelling.
You feel magically purged.
You feel less invigorated.
You feel less confused.
You feel a little less mighty now.
You feel very sick. The killer bee stings you.
* * * LOW HITPOINT WARNING * * *
A demonic guardian appears!
You block the killer bee's attack. The killer bee stings you.
* * * LOW HITPOINT WARNING * * *
The killer bee stings you.
* * * LOW HITPOINT WARNING * * *
Your quasit barely misses the killer bee.
Your quasit misses the killer bee.
Your quasit closely misses the killer bee.
The wight hits you with a +0 mace.
* * * LOW HITPOINT WARNING * * *
You feel drained.
* * * LOW HITPOINT WARNING * * *
As you read the scroll of fear, it crumbles to dust.
You assume a fearsome visage.
The wight is unaffected.
The killer bee looks frightened!
The killer bee resists with some effort.
You die...
Xom titters!

#... #...
######### #..#
#.......#
#..#####.......#
#......#.......#
#......+.......#
#......#)y.....#
#<.....#@z.....#
#..##.##5y.....#
#..##.#5.......#
#...).'........#
#....)#........#
#..##)#........#
#..##)#######...
#...... ...
#....... ..


You could see 2 killer bees, a wight (strong, ally target), a friendly quasit
(summoned) and a friendly ufetubus (summoned).

Vanquished Creatures
  A wyvern (D:9)
  2 steam dragons (D:8)
  4 orc warriors
  A sky beast (D:7)
  An ice beast (D:8)
  An ogre (D:6)
  4 centaurs
  2 phantoms
  2 kobold brigands
  A gnoll sergeant (D:5)
  8 bullfrogs
  2 scorpions (D:4)
  2 wights (D:10)
  6 killer bees
  2 howler monkeys (D:7)
  4 crimson imps (D:7)
  2 hounds
  Crazy Yiuf (D:3)
  2 jellies
  2 sleepcaps (D:8)
  9 orc priests
  A gnoll bouda (D:4)
  3 iguanas
  8 orc wizards
  10 gnolls
  2 adders (D:4)
  A shadow imp (D:5)
  A white imp (D:7)
  2 ufetubi (D:7)
  4 dart slugs
  A ribbon worm (D:4)
  44 orcs
  2 endoplasms
  3 giant cockroaches
  5 hobgoblins
  7 jackals
  17 kobolds
  9 quokkas
  5 ball pythons
  7 bats
  4 frilled lizards
  5 goblins
200 creatures vanquished.

Vanquished Creatures (collateral kills)
  A hound (D:5)
  A gnoll (D:5)
  An adder (D:5)
  2 orcs
  A kobold (D:6)
6 creatures vanquished.

Vanquished Creatures (others)
  An orc (D:5)
  A kobold (D:1)
2 creatures vanquished.

Grand Total: 208 creatures vanquished

Notes
Turn   | Place    | Note
-------+----------+-------------------------------------------
     0 | D:1      | ezpacito the Demonspawn Chaos Knight began the quest for
                  | the Orb.
     0 | D:1      | Reached XP level 1. HP: 18/18 MP: 1/1
    54 | D:1      | Reached skill level 1 in Dodging
    89 | D:1      | Gained mutation: Your touch may inflict minor irresistible
                  | damage on your foes. [demonic ancestry]
    89 | D:1      | Reached XP level 2. HP: 23/24 MP: 2/2
   101 | D:1      | XOM: potion effect (attraction)
   889 | D:2      | XOM: noise
   908 | D:2      | Reached XP level 3. HP: 29/29 MP: 3/3
  1113 | D:2      | Reached skill level 1 in Unarmed Combat
  1346 | D:3      | Found a blossoming altar of Fedhas.
  1346 | D:3      | Found a shadowy altar of Dithmenos.
  1348 | D:3      | Found a sparkling altar of Nemelex Xobeh.
  1396 | D:3      | Identified the +0 chain mail of Fedhas's Wrath {Int+4
                  | Dex+4}
  1593 | D:3      | XOM: cloud trail
  1651 | D:3      | Found a runed translucent door.
  1652 | D:3      | Noticed Crazy Yiuf
  1661 | D:3      | Killed Crazy Yiuf
  1662 | D:3      | Gained mutation: Your touch may inflict irresistible damage
                  | on your foes. [demonic ancestry]
  1662 | D:3      | Reached XP level 4. HP: 35/35 MP: 3/5
  1662 | D:3      | XOM: scenery: 1 doors close
  1917 | D:3      | Reached skill level 1 in Polearms
  1917 | D:3      | Reached skill level 1 in Stealth
  1917 | D:3      | Reached skill level 1 in Spellcasting
  2207 | D:3      | Found an ornate altar of the Wu Jian Council.
  2207 | D:3      | Identified the +3 long sword "Towar" {flame, Fly Will+}
  2307 | D:4      | Noticed a scorpion
  2308 | D:4      | XOM: divination: magic mapping
  2312 | D:4      | Killed a scorpion
  2313 | D:4      | Reached XP level 5. HP: 38/41 MP: 6/6
  2321 | D:4      | Found an iron altar of Okawaru.
  2435 | D:4      | XOM: silly message
  2455 | D:4      | Reached skill level 1 in Evocations
  2463 | D:4      | XOM: smoke on damage
  2469 | D:4      | Gained mutation: A weak demonic guardian rushes to your
                  | aid. [demonic ancestry]
  2469 | D:4      | Reached XP level 6. HP: 23/48 MP: 8/8
  2763 | D:4      | Reached skill level 1 in Throwing
  2819 | D:4      | XOM: silly message
  2906 | D:4      | Learned a level 6 spell: Eringya's Noxious Bog
  3096 | D:5      | Entered Level 5 of the Dungeon
  3103 | D:5      | Found Usilun's Antique Weapon Emporium.
  3106 | D:5      | Found Upualeol's Distillery.
  3168 | D:5      | Bought a potion of mutation for 80 gold pieces
  3168 | D:5      | Bought 2 potions of curing for 60 gold pieces
  3168 | D:5      | Bought a potion of haste for 100 gold pieces
  3181 | D:5      | XOM: 1-stop teleportation journey
  3190 | D:5      | Reached skill level 1 in Conjurations
  3321 | D:5      | XOM: 1-stop teleportation journey
  3349 | D:5      | XOM: give mutations
  3349 | D:5      | Gained mutation: You are somewhat resistant to further
                  | mutation. [Xom's mischief]
  3349 | D:5      | Gained mutation: You have large cloven feet. [Xom's
                  | mischief]
  3349 | D:5      | Lost mutation: You have large cloven feet. [Xom's mischief]
  3358 | D:5      | Reached XP level 7. HP: 41/53 MP: 8/10
  3511 | D:5      | XOM: polymorph butterfly -> glowing shapeshifter
  3517 | D:5      | XOM: swap monsters
  3727 | D:5      | XOM: give mutation
  3727 | D:5      | Gained mutation: You have a pair of small antennae on your
                  | head. [Xom's mischief]
  3754 | D:4      | XOM: potion effect (might)
  3836 | D:5      | Found a staircase to the Ecumenical Temple.
  3981 | D:5      | XOM: silly message
  4079 | D:5      | XOM: 8-stop teleportation journey
  4134 | D:5      | Found Suzuhac's Weapon Shoppe.
  4285 | D:5      | Found an opulent altar of Gozag.
  4603 | D:6      | XOM: give mutations
  4603 | D:6      | Gained mutation: You are agile. (Dex +4, Str/Int -1) [Xom's
                  | mischief]
  4603 | D:6      | Gained mutation: Your spells are a little harder to cast,
                  | but a little more powerful. [Xom's mischief]
  4625 | D:6      | Gained mutation: You are partially covered in large bone
                  | plates. (SH +4) [demonic ancestry]
  4625 | D:6      | Reached XP level 8. HP: 46/61 MP: 10/12
  4644 | D:6      | Reached skill level 1 in Alchemy
  4699 | D:6      | XOM: chaos upgrade
  4800 | D:6      | Identified the +11 war axe "Sarcophage" {drain, rF++ rN+}
  4916 | D:6      | XOM: give mutations
  4916 | D:6      | Gained mutation: You possess an exceptional clarity of
                  | mind. [Xom's grace]
  4916 | D:6      | Gained mutation: Your mind is acute. (Int +4, Str/Dex -1)
                  | [Xom's grace]
  4916 | D:6      | Gained mutation: You have a pair of antennae on your head.
                  | [Xom's grace]
  4995 | D:6      | Learned a level 3 spell: Hailstorm
  5002 | D:6      | Learned a level 3 spell: Tukima's Dance
  5074 | D:6      | Identified the staff of the Onslaught {*Slow rC++ Int+2
                  | Dex+2 Earth} (Xom gifted it to you on level 6 of the
                  | Dungeon)
  5074 | D:6      | XOM: god gift: staff of the Onslaught {*Slow rC++ Int+2
                  | Dex+2 Earth}
  5253 | D:6      | XOM: silly message
  5460 | D:7      | XOM: noise
  5467 | D:7      | XOM: potion effect (attraction)
  5531 | D:7      | XOM: noise
  5613 | D:7      | XOM: 9-stop teleportation journey
  5660 | D:7      | Found a shimmering altar of Xom.
  5698 | D:7      | XOM: 1-stop teleportation journey
  5917 | D:7      | XOM: give mutations
  5917 | D:7      | Gained mutation: Your health recovers twice as slowly from
                  | being drained. [Xom's mischief]
  5917 | D:7      | Lost mutation: You possess an exceptional clarity of mind.
                  | [Xom's mischief]
  5917 | D:7      | Lost mutation: You have a pair of antennae on your head.
                  | [Xom's mischief]
  5918 | D:7      | Lost mutation: You are agile. (Dex +4, Str/Int -1) [potion
                  | of mutation]
  5918 | D:7      | Lost mutation: You have a pair of small antennae on your
                  | head. [potion of mutation]
  5918 | D:7      | Lost mutation: Your health recovers twice as slowly from
                  | being drained. [potion of mutation]
  5968 | D:7      | XOM: give mutations
  5968 | D:7      | Gained mutation: You have a pair of small horns on your
                  | head. [Xom's grace]
  5968 | D:7      | Gained mutation: You possess an exceptional clarity of
                  | mind. [Xom's grace]
  6344 | Temple   | Entered the Ecumenical Temple
  6371 | D:5      | XOM: stat loss: -1 Dex (12/13)
  6549 | D:8      | XOM: snakes to sticks
  6555 | D:8      | Reached XP level 9. HP: 67/67 MP: 14/14
  6556 | D:8      | Reached skill level 5 in Fighting
  6558 | D:8      | XOM: 9-stop teleportation journey
  7153 | D:8      | Reached skill level 1 in Hexes
  7169 | D:8      | XOM: summons 2 friendly demons
  7656 | D:8      | XOM: draining
  7703 | D:9      | XOM: noise
  7759 | D:9      | Found Oliditud's Book Shop.
  7853 | D:9      | XOM: summons 5 hostile demons
  7997 | D:9      | XOM: 3-stop teleportation journey
  8010 | D:9      | Reached skill level 5 in Axes
  8126 | D:9      | XOM: stat loss: -1 Int (15/16)
  8200 | D:9      | Found a hide-covered altar of Uskayaw.
  8265 | D:9      | XOM is BORED!
  8271 | D:9      | XOM: potion effect (brilliance)
  8274 | D:9      | XOM: noise
  8280 | D:9      | XOM: blink monster(s)
  8353 | D:9      | XOM: summons 5 hostile demons
  8582 | D:9      | XOM: give mutations
  8582 | D:9      | Gained mutation: You are somewhat resistant to both further
                  | mutation and mutation removal. [Xom's mischief]
  8582 | D:9      | Lost mutation: You have a pair of small horns on your head.
                  | [Xom's mischief]
  8641 | D:9      | XOM: draining
  8648 | D:9      | Found a staircase to the Orcish Mines.
  8679 | D:10     | Entered Level 10 of the Dungeon
  8720 | D:10     | Gained mutation: Your touch may irresistibly damage your
                  | foes and sap their willpower. [demonic ancestry]
  8720 | D:10     | Reached XP level 10. HP: 43/62 MP: 16/16
  8720 | D:10     | XOM: blink monster(s)
  8728 | D:10     | HP: 2/66 [wight/+0 mace (3)]
  8729 | D:10     | Succumbed to a killer bee's poison

Illustrated notes

Levels and vault maps discovered:
D:1:      dpeg_arrival_shelter, layout_rooms
D:2:      layout_basic
D:3:      layout_basic, nicolae_wu_jian_immortal_techniques,
          gammafunk_temple_overflow_forgotten, uniq_crazy_yiuf_cottage
D:4:      minmay_wonky_spiral, layout_rooms, okawaru_trees_2, serial_glass,
          glass_columns_a, glass_columns_a, glass_columns_a, glass_columns_a,
          glass_columns_a, glass_columns_b, nicolae_the_louvre
D:5:      layout_cave_pods, pdpol_temple_overflow_zin_treasury_gozag_greed,
          temple_hall, serial_shops, shop, shop_statue, shop
D:6:      nicolae_BIG_FREAKIN_CUBE, layout_loops_ring, kennysheep_generic_room_5
D:7:      layout_loops_cross, led_xom_imps
D:8:      layout_cave_pods, minmay_fractal_squares_5
D:9:      layout_long_grid, nicolae_uskayaw_murder_on_the_dancefloor,
          hiddenorc1_lemuel, serial_shops, nicolae_shop_tiny_glass
D:10:     minmay_the_grid_four_pointed_star_mashed
          [minmay_the_grid_triangle_9x9_intruding_spiral,
          minmay_the_grid_triangle_9x9_sparse_checkered,
          minmay_the_grid_triangle_9x9_descending_squares,
          minmay_the_grid_triangle_9x9_flanged_cone,
          minmay_the_grid_prize_big_room], layout_gridville,
          mainiacjoe_overflow_catwalk_spiral
Temple:   minmay_freezing_vapour_temple

Skill      XL: |  1  2  3  4  5  6  7  8  9 10 |
---------------+-------------------------------+-----
Dodging        | 1 2 3 4 |  4.3
Armour         | 2 3 4 |  4.7
Unarmed Combat | 1 2 3 4 |  4.2
Axes           | 3 4 5 |  5.1
Polearms       | 1 2 3 |  3.0
Stealth        | 1 2 3 |  3.3
Spellcasting   | 1 2 3 4 |  4.2
Evocations     | 1 2 |  2.9
Throwing       | 1 2 |  2.5
Conjurations   | 1 2 |  2.9
Fighting       | 4 5 |  5.6
Alchemy        | 1 2 |  2.4
Hexes          | 2 |  2.1

Action                     |  1- 3 |  4- 6 |  7- 9 | 10-12 || total
---------------------------+-------+-------+-------+-------++-------
  Melee: Hand axe          |    99 |    78 |   104 |     4 ||   285
         Touch             |    10 |    17 |    43 |     2 ||    72
         Long sword        |       |    55 |       |       ||    55
         War axe           |       |       |   145 |       ||   145
         Headbutt          |       |       |    16 |       ||    16
    Use: Potion            |       |     3 |    15 |     4 ||    22
         Scroll            |       |       |    14 |     1 ||    15
   Stab: Sleeping          |     3 |       |     1 |       ||     4
         Confused          |       |       |     1 |       ||     1
         Distracted        |       |       |     1 |       ||     1
 Armour: Leather armour    |    63 |     5 |       |       ||    68
         Chain mail        |       |   140 |    84 |       ||   224
         Plate armour      |       |       |    45 |       ||    45
         Scale mail        |       |       |   133 |    20 ||   153
         Skin              |       |       |    26 |       ||    26
  Dodge: Dodged            |    74 |   106 |   186 |    15 ||   381
  Block: Other             |       |       |    43 |     2 ||    45

Table legend: (Time is in decaauts)
 A = Elapsed time spent in this place.
 B = Non-inter-level travel time spent in this place.
 C = Inter-level travel time spent in this place.
 D = Time resting spent in this place.
 E = Time spent auto-exploring this place.
 F = Levels seen in this place.
 G = Mean time per level.
                   A        B        C        D        E       F      G
               +--------+--------+--------+--------+--------+-----+--------+
         Total |   8742 |   7976 |    766 |    226 |   6339 |  11 |  794.7 |
       Dungeon |   8741 |   7976 |    765 |    226 |   6339 |  10 |  874.1 |
        Temple |      1 |      0 |      1 |      0 |      0 |   1 |    1.0 |
               +--------+--------+--------+--------+--------+-----+--------+

Top non-repeatable levels by time:
     D:5: 1477 daAuts
     D:8: 1267 daAuts
     D:6: 1063 daAuts
     D:3: 1007 daAuts
     D:9: 924 daAuts
     D:4: 868 daAuts
     D:2: 789 daAuts
     D:7: 785 daAuts
     D:1: 506 daAuts
    D:10: 50 daAuts
  Temple: 1 daAuts
